[Event "Czech Championship 2024"]
[Site "Ostrava"]
[Date "2024.05.01"]
[Round "5.1"]
[White "Nemec, Jachym"]
[Black "Hrbek, Stepan"]
[Result "0-1"]
[ECO "A07"]
[WhiteElo "2416"]
[BlackElo "2407"]
[Annotator "TA"]
[PlyCount "100"]
[EventDate "2024.04.25"]
[EventType "tourn"]
[EventCountry "CZE"]
[SourceTitle "playchess.com"]
[Source "ChessBase"]
[SourceQuality "1"]
[TimeControl "40/5400+30:1800+30"]

1. Nf3 d5 2. g3 Nd7 3. Bg2 e5 4. d3 Ngf6 5. O-O Bd6 6. Nc3 {[%emt 0:00:33] A07: Réti Opening: New York and Capablanca Systems.} O-O $1 {[%emt 0:05:29][%mdl 4] is now more promising than 6...c6.} 7. e4 dxe4 8. dxe4 Nc5 9. Re1 $146 ({Predecessor:} 9. Nh4 Re8 10. Nf5 Bxf5 11. exf5 e4 12. Be3 Qe7 13. Qe2 Be5 14. Qc4 b6 15. Bxc5 Qxc5 16. Qxc5 bxc5 17. Nxe4 Nxe4 18. Bxe4 {½-½ Kanmazalp,O (2445)-Kravtsiv,M (2657) TUR-chT Kocaeli 2017 (5.1)}) 9... c6 10. Nh4 Ne6 11. Nf5 Bb4 12. Bd2 Nd4 13. Ne3 Nb5 14. Nb1 (14. Nc4 $5) 14... Bxd2 15. Nxd2 Qe7 16. a4 Nd6 17. Qe2 a5 18. Qd3 Ng4 19. Qc3 Nxe3 20. Rxe3 f6 21. Nb3 b6 22. Rd1 (22. Qxc6 Bd7 23. Qd5+ (23. Qxb6 Nc4 $17) 23... Be6 $17) 22... c5 23. Red3 Nf7 24. Nd2 Be6 25. Nc4 Qc7 26. Bf1 Rad8 27. Rxd8 Rxd8 28. Rxd8+ Qxd8 29. Ne3 Nd6 30. f3 Qc7 31. b3 Qc6 32. h4 Kf8 33. Kh2 g6 34. Bh3 Bf7 35. Bf1 Ke7 36. Qd3 c4 37. Qc3 (37. bxc4 Qxa4 38. Nd5+ Bxd5 39. cxd5 Qb4 $15) 37... Kd7 38. bxc4 Qxa4 39. Nd5 (39. Ng4 {with more complications.} Bxc4 40. Nxf6+ Ke6 41. Nxh7 Bxf1 42. Qc7) 39... Bxd5 40. cxd5 Kd8 41. Bd3 (41. Qd2 $1 $11 {keeps the balance.}) 41... Qb4 (41... Qd4 $17 42. Qb3 f5 43. exf5 gxf5) 42. Qc6 $2 {[%emt 0:03:45][%mdl 8192] [#]} (42. Qxb4 $1 $11 {and White is okay.} axb4 43. Kg2) 42... Qc5 $1 $19 43. Qa8+ {[%emt 0:02:02] [#]} (43. Qxc5 $142 bxc5 44. c4) 43... Qc8 $1 $19 44. Qa7 Qb7 45. Qxb7 Nxb7 46. Kg2 a4 47. Kf2 a3 48. Bc4 Nd6 49. Bb3 Nb5 50. Ke3 (50. Ba2 $142) 50... Nd4 0-1

[Event "Czech Championship 2024"]
[Site "Ostrava"]
[Date "2024.05.01"]
[Round "5.2"]
[White "Stalmach, Richard"]
[Black "Neuman, Petr"]
[Result "1/2-1/2"]
[ECO "D94"]
[WhiteElo "2446"]
[BlackElo "2429"]
[Annotator "TA"]
[PlyCount "61"]
[EventDate "2024.04.25"]
[EventType "tourn"]
[EventCountry "CZE"]
[SourceTitle "playchess.com"]
[Source "ChessBase"]
[SourceQuality "1"]
[TimeControl "40/5400+30:1800+30"]

1. Nf3 d5 2. c4 c6 3. d4 Nf6 4. e3 g6 5. Nc3 Bg7 6. Bd3 O-O 7. O-O dxc4 8. Bxc4 Bg4 9. h3 Bxf3 10. Qxf3 Nbd7 11. Rd1 e5 12. d5 e4 13. Nxe4 Nxe4 14. Qxe4 Nb6 15. d6 (15. Qc2 {simplifies} Nxc4 16. Qxc4 cxd5 17. Rxd5 Qb6 18. e4) 15... Re8 {[%emt 0:01:49] The position is equal.} 16. Qc2 Nxc4 17. Qxc4 Re6 18. d7 Qc7 19. Bd2 Rd8 20. Bc3 Rxd7 21. Qa4 b6 22. Bxg7 Kxg7 23. Rd4 Rxd4 24. Qxd4+ $11 {[%emt 0:00:05][%mdl 4096] Endgame. KQR-KQR} Qe5 25. Rd1 Qxd4 26. Rxd4 {[%emt 0:00:04] KR-KR} Kf6 27. Kf1 Ke7 28. Ke2 Rd6 29. Kd3 c5 30. Rxd6 Kxd6 31. f4 {[%emt 0:16:31] An interesting draw.   Weighted Error Value: White=0.02 (flawless) /Black=0.00 (flawless) .  OK:         	White=8     	Black=9} 1/2-1/2

[Event "Czech Championship 2024"]
[Site "Ostrava"]
[Date "2024.05.01"]
[Round "5.3"]
[White "Finek, Vaclav"]
[Black "Simacek, Pavel"]
[Result "1/2-1/2"]
[ECO "E06"]
[WhiteElo "2431"]
[BlackElo "2446"]
[Annotator "RC"]
[PlyCount "90"]
[EventDate "2024.04.25"]
[EventType "tourn"]
[EventCountry "CZE"]
[SourceTitle "playchess.com"]
[Source "ChessBase"]
[SourceQuality "1"]
[TimeControl "40/5400+30:1800+30"]

1. d4 Nf6 2. c4 e6 3. g3 d5 4. Bg2 Be7 5. Nf3 Ne4 6. O-O f5 7. Ne5 Nd7 8. Nxd7 Bxd7 9. Nd2 Nxd2 10. Bxd2 c6 11. Qc2 Bf6 12. e3 a5 13. b4 axb4 14. Bxb4 Qb8 15. a4 h5 16. Rfb1 Kf7 17. Bc5 h4 18. a5 hxg3 19. hxg3 Qc7 20. Qb3 Bc8 21. Qb4 Kg8 22. Rc1 Qf7 23. Bd6 Ra6 24. Qb3 Qd7 25. Be5 Bd8 26. Qc3 Qf7 27. Bf3 Rh6 28. Kg2 Bd7 29. Qb3 Be8 30. cxd5 exd5 31. Rab1 b6 32. axb6 Rxb6 33. Qa2 Rxb1 34. Rxb1 g5 35. Kg1 Bf6 36. Qa8 Bxe5 37. dxe5 g4 38. Rb7 Qh5 39. Bg2 Re6 40. Qc8 Qh6 41. Rb6 Kf7 42. Qc7+ Kf8 43. Qb8 Qg6 44. Rb7 Qh6 45. Rb6 Qg6 1/2-1/2

[Event "Czech Championship 2024"]
[Site "Ostrava"]
[Date "2024.05.01"]
[Round "5.4"]
[White "Jirovsky, Milos"]
[Black "Navara, David"]
[Result "0-1"]
[ECO "A37"]
[WhiteElo "2450"]
[BlackElo "2678"]
[Annotator "TA"]
[PlyCount "84"]
[EventDate "2024.04.25"]
[EventType "tourn"]
[EventCountry "CZE"]
[SourceTitle "playchess.com"]
[Source "ChessBase"]
[SourceQuality "1"]
[TimeControl "40/5400+30:1800+30"]

1. Nf3 g6 2. c4 Bg7 3. Nc3 c5 4. g3 Nc6 5. Bg2 Rb8 6. O-O d6 7. d3 a6 8. a4 Nh6 9. Bd2 Nf5 10. Rb1 O-O 11. Na2 b6 12. Bc3 Bb7 13. Bxg7 {[%emt 0:01:31] The position is equal.} Kxg7 14. Nd2 a5 15. e3 e6 16. Qb3 h5 17. Rbe1 h4 18. Qd1 (18. Be4 $15) 18... Rh8 {[%emt 0:05:26] ...hxg3 would now be deadly.} 19. g4 {[%emt 0:06:53] [#]} h3 $1 20. Bh1 Nh4 {[%emt 0:15:32][%cal Oh4g2] Hoping for ...Ng2!} 21. e4 $2 {[%emt 0:02:20] [#] This costs White the game.} (21. f4 $17 {was called for.}) 21... Ng2 $1 $19 22. Bxg2 hxg2 23. Kxg2 Qh4 {[%emt 0:00:13] Inhibits h3. ( -> ...Qh3+)} 24. Rh1 Qh3+ 25. Kg1 Rh4 ({Resist} 25... Qxd3 26. Re3 Qd4 27. Nc3) 26. Re3 Qxg4+ (26... Rxg4+ $2 27. Rg3 Ne5 28. Rxg4 Nxg4 29. Qf1 $19) 27. Qxg4 Rxg4+ 28. Kf1 d5 $36 {[%emt 0:01:43][%mdl 2048] Black is really pushing. Black is more active.} 29. Rg1 (29. cxd5 $17 exd5 30. f3) 29... Rxg1+ 30. Kxg1 dxe4 31. Nxe4 (31. dxe4 $142 Rd8 32. Re2) 31... Rd8 32. Kf1 Nd4 33. Rh3 f6 {[%emt 0:05:42] Dodges Ng5} 34. f4 Nb3 {[%emt 0:04:39] ...Bxe4 is the strong threat.} 35. Ke1 (35. Nac3 $17) 35... Bxe4 36. dxe4 {[%emt 0:00:02][%mdl 4096] Endgame. KRN-KRN} Nd2 37. f5 (37. Nc1 {keeps fighting.}) 37... Nxc4 ({Don't play} 37... gxf5 38. exf5 exf5 39. b3 $19) 38. fxe6 Nxb2 39. Nc3 Re8 40. Kd2 Rxe6 41. Kc2 Nc4 42. Rd3 Nd6 {[%emt 0:00:32] Weighted Error Value: White=0.31/Black=0.14 (very precise) .  Loses game:     	White=1     	---        Mistake:       	White=5     	---        Inaccurate:     	White=2     	Black=2      OK:         	White=6     	Black=13     Best:        	White=2     	Black=1      Strong:       	---       	Black=1      Brilliant:      	---       	Black=1} 0-1

[Event "Czech Championship 2024"]
[Site "Ostrava"]
[Date "2024.05.01"]
[Round "5.5"]
[White "Stocek, Jiri"]
[Black "Kraus, Tomas"]
[Result "0-1"]
[ECO "D32"]
[WhiteElo "2531"]
[BlackElo "2488"]
[Annotator "TA"]
[PlyCount "72"]
[EventDate "2024.04.25"]
[EventType "tourn"]
[EventCountry "CZE"]
[SourceTitle "playchess.com"]
[Source "ChessBase"]
[SourceQuality "1"]
[TimeControl "40/5400+30:1800+30"]

1. Nf3 c5 2. c4 e6 3. d4 d5 4. cxd5 exd5 5. Nc3 Nf6 6. Bg5 Be6 7. Rc1 c4 {[%emt 0:10:40] [#]} (7... Nc6 $11) 8. e4 $1 $14 {[%emt 0:02:11] Threatens to win with exd5.} dxe4 9. Ne5 {[%emt 0:02:13] White is slightly better.} Nbd7 10. Nxd7 (10. Nxc4 Be7 $14) (10. Bxf6 $1 $16 Qxf6 11. Bxc4 Bxc4 12. Nxc4) 10... Qxd7 11. Bxf6 gxf6 12. d5 $1 Bg4 13. Be2 Bxe2 14. Qxe2 f5 15. Qxc4 Bh6 16. Rd1 O-O $1 17. O-O Rac8 18. Qd4 b5 19. d6 Bg7 {[%emt 0:03:45] Prevents Nd5} 20. Qe3 {[%emt 0:07:39] Black should prevent Rd5.} Rc6 21. Qg3 Rd8 $1 22. Nxb5 Rb6 23. a4 a6 24. Nd4 {[%emt 0:00:51][%mdl 8192] [#]} (24. Nc3 $11 {and White has nothing to worry.}) 24... f4 $1 $19 (24... Rxb2 25. Qg5 h6 26. Qh5 (26. Qxf5 Qxd6 27. Qg4 Qg6 $11) 26... Bxd4 27. Rxd4 $16) (24... Rxd6 $2 25. Nxf5 Qxf5 26. Rxd6 $18) 25. Qg5 {[%emt 0:07:52] [#] Black must now prevent Nf5.} h6 $1 26. Qxf4 {[%emt 0:01:49] And now Nf5 would win.} Rxd6 (26... Rxb2 $2 {perishes.} 27. Nf5 (27. Qxe4 Qxd6 28. Qg4 Qb4 $11) 27... Qe6 28. Rfe1 $18 (28. Qg4 Qf6 $18)) 27. Rde1 Rxd4 28. b3 Qd6 29. Qf5 Qg6 30. Qxg6 fxg6 31. Re3 h5 32. h4 Bh6 {[%emt 0:00:48] Black is clearly winning.} 33. Rc3 Bd2 34. Rc6 R8d6 35. Rc8+ Kg7 36. Rc7+ Rd7 {[%emt 0:00:35] Weighted Error Value: White=0.37/Black=0.06 (flawless) .  Loses game:     	White=1     	---        Mistake:       	White=1     	Black=1      Inaccurate:     	White=1     	Black=1      OK:         	White=11    	Black=12     Best:        	---       	Black=2      Strong:       	White=1     	Black=4      Brilliant:      	White=1     	---} 0-1

[Event "Czech Championship 2024"]
[Site "Ostrava"]
[Date "2024.05.02"]
[Round "6.1"]
[White "Hrbek, Stepan"]
[Black "Kraus, Tomas"]
[Result "1/2-1/2"]
[ECO "B12"]
[WhiteElo "2407"]
[BlackElo "2488"]
[Annotator "RC"]
[PlyCount "87"]
[EventDate "2024.04.25"]
[EventType "tourn"]
[EventCountry "CZE"]
[SourceTitle "playchess.com"]
[Source "ChessBase"]
[SourceQuality "1"]
[TimeControl "40/5400+30:1800+30"]

1. e4 c6 2. d4 d5 3. e5 Bf5 4. h4 h5 5. Bd3 Bxd3 6. Qxd3 e6 7. Bg5 Qa5+ 8. Nd2 Qa6 9. c4 Ne7 10. Ngf3 Nf5 11. O-O dxc4 12. Nxc4 Nd7 13. Qc2 Nb6 14. Ne3 Ne7 15. Nd2 Ned5 16. Nxd5 Nxd5 17. Nc4 c5 18. Ne3 Nb4 19. Qc3 Qd3 20. Rfd1 Qxc3 21. bxc3 Nc6 22. Rab1 b6 23. a4 Rc8 24. d5 Nxe5 25. dxe6 fxe6 26. a5 bxa5 27. f4 Nf7 28. Nc4 g6 29. Re1 Nxg5 30. hxg5 Rh7 31. Rxe6+ Kf7 32. Rf6+ Kg8 33. Rxg6+ Rg7 34. Rxg7+ Bxg7 35. f5 Bxc3 36. Rb7 Rd8 37. f6 Rd5 38. Rg7+ Kf8 39. g6 Rf5 40. Rf7+ Kg8 41. Rg7+ Kf8 42. Rf7+ Kg8 43. Rg7+ Kf8 44. Rf7+ 1/2-1/2

[Event "Czech Championship 2024"]
[Site "Ostrava"]
[Date "2024.05.02"]
[Round "6.2"]
[White "Navara, David"]
[Black "Stocek, Jiri"]
[Result "1-0"]
[ECO "E10"]
[WhiteElo "2678"]
[BlackElo "2531"]
[Annotator "TA"]
[PlyCount "101"]
[EventDate "2024.04.25"]
[EventType "tourn"]
[EventCountry "CZE"]
[SourceTitle "playchess.com"]
[Source "ChessBase"]
[SourceQuality "1"]
[TimeControl "40/5400+30:1800+30"]

1. d4 Nf6 2. c4 e6 3. Nf3 h6 4. g3 Bb4+ 5. Nbd2 b6 6. Bg2 {[%emt 0:02:09] E10: Blumenfeld Gambit.} Bb7 7. a3 $146 ({Predecessor:} 7. O-O O-O 8. a3 Be7 9. b3 c5 10. Bb2 a6 11. e3 d6 12. Qe2 Nbd7 13. Rfd1 {½-½ El Debs,F (2531)-Supi,L (2582) Gaudium Masters-A blitz 2023 (3)}) 7... Bxd2+ 8. Qxd2 Be4 9. O-O O-O 10. b3 d6 11. Bb2 Nbd7 12. Rfd1 Re8 13. Bf1 Qe7 14. Rac1 Rac8 15. Ne5 Nb8 16. Nd3 c5 17. dxc5 bxc5 18. b4 Nbd7 19. Nf4 e5 20. Ng2 Nb6 21. f3 (21. Qxd6 Qxd6 22. Rxd6 cxb4 23. Rxb6 axb6 24. axb4 b5 $15) 21... cxb4 (21... d5 $11 {remains equal.}) 22. Ne3 $16 (22. Qxb4 Bg6 $14) 22... bxa3 (22... Bc6 $16) 23. Bxa3 $18 Bc6 24. Nf5 Qe6 25. Nxd6 Ba4 (25... Red8 $16) 26. c5 Bxd1 27. cxb6 (27. Nxc8 $6 Rxc8 28. Qxd1 (28. Rxd1 Nc4 $15) 28... Nc4 $11) (27. Nxe8 $6 Nxe8 28. Qxd1 (28. Rxd1 Nc4 $11) 28... Nc4 $14) 27... Rxc1 28. Qxc1 Rf8 $2 (28... Rd8) 29. Qxd1 $2 (29. bxa7 Qd7 $16) (29. b7 $18 {is the precise move to win.}) 29... axb6 $16 30. e4 ({Better is} 30. Qa4 $16) 30... Rd8 $11 31. Bb5 $1 Ne8 (31... Qa2 $11 32. Qd3 Qa1+ 33. Kg2 Qa2+ 34. Kh3 Nh7) 32. Bxe8 $16 Qxe8 33. Qb3 Qd7 34. Qxb6 (34. Qd5 $1 $16) 34... Ra8 $11 35. Bc5 Qa4 $1 (35... Qh3 $6 36. Qb2 $16) 36. Kg2 Qd1 37. Qc7 Ra2+ 38. Bf2 Qd2 $2 (38... Qe2 $11 39. Qxf7+ Kh7) 39. Qxf7+ $18 Kh8 40. Qf8+ Kh7 41. Qf5+ Kg8 42. Qc8+ Kh7 {[%emt 0:00:02] [#]} 43. Qc5 $1 (43. Qf5+ Kg8 $11) 43... Rc2 {[%emt 0:06:07] [#]} 44. Qb6 $1 (44. Qxe5 $2 {perishes.} Qxf2+ 45. Kh3 Rc5 $19 (45... Qxh2+ $2 46. Kg4 $19) (45... Qxf3 $2 46. Qf5+ Qxf5+ 47. exf5 $19)) 44... Rc1 $2 (44... Qd4 $16 45. Qxd4 exd4) 45. Nf7 $18 Qd1 46. g4 $1 (46. Nxe5 $2 Qf1#) 46... Rb1 47. Qc5 Qf1+ (47... Rb2 $142 48. Kg3 (48. Nxe5 Re2 $18) (48. Qxe5 Qe2 $18) 48... Rxf2 49. Qxf2 Qb3) 48. Kg3 $18 Rb5 49. Qc8 Rb2 50. Qh8+ Kg6 51. Nxe5+ 1-0

[Event "Czech Championship 2024"]
[Site "Ostrava"]
[Date "2024.05.02"]
[Round "6.3"]
[White "Simacek, Pavel"]
[Black "Jirovsky, Milos"]
[Result "1-0"]
[ECO "D13"]
[WhiteElo "2446"]
[BlackElo "2450"]
[Annotator "TA"]
[PlyCount "39"]
[EventDate "2024.04.25"]
[EventType "tourn"]
[EventCountry "CZE"]
[SourceTitle "playchess.com"]
[Source "ChessBase"]
[SourceQuality "1"]
[TimeControl "40/5400+30:1800+30"]

1. d4 Nf6 2. c4 c6 3. Nc3 d5 4. cxd5 cxd5 5. Bf4 Nc6 6. Nf3 a6 7. Rc1 Bf5 8. e3 Rc8 9. Be2 e6 10. O-O Bd6 11. Bxd6 {[%emt 0:01:45] The position is equal.} Qxd6 12. Na4 O-O 13. Nc5 Rc7 14. Qb3 Rb8 15. Qb6 Ne8 {[%emt 0:01:02][%cal Oc6d4] [#] Threatens to win with ...Nxd4!} 16. Na4 Rbc8 17. Rc5 Nd8 18. Rfc1 {[%emt 0:16:24] Black must now prevent Qxd6.} Bg4 $2 (18... Rxc5 $14 19. Rxc5 (19. dxc5 Qe7 $11) 19... Qxb6 20. Nxb6 Rxc5 21. dxc5 Nc7) 19. Qxd6 $18 Rxc5 20. Qxc5 {[%emt 0:00:16] Weighted Error Value: White=0.02 (flawless) /Black=0.10 (very precise) .  Loses game:     	---       	Black=1      Inaccurate:     	---       	Black=1      OK:         	White=3     	Black=6      Best:        	White=1     	---} (20. Rxc5 Nxd6 21. Kf1 Nc6 $11) 1-0

[Event "Czech Championship 2024"]
[Site "Ostrava"]
[Date "2024.05.02"]
[Round "6.4"]
[White "Neuman, Petr"]
[Black "Finek, Vaclav"]
[Result "0-1"]
[ECO "C44"]
[WhiteElo "2429"]
[BlackElo "2431"]
[Annotator "TA"]
[PlyCount "62"]
[EventDate "2024.04.25"]
[EventType "tourn"]
[EventCountry "CZE"]
[SourceTitle "playchess.com"]
[Source "ChessBase"]
[SourceQuality "1"]
[TimeControl "40/5400+30:1800+30"]

1. e4 e5 2. Nf3 Nc6 3. c3 d5 4. d3 Nf6 5. Nbd2 a5 6. Be2 Bc5 7. O-O O-O 8. b3 Re8 9. a3 d4 10. c4 (10. cxd4 $11 {remains equal.} Bxd4 (10... Nxd4 11. Nxd4 Bxd4 12. Rb1 $11) 11. Nxd4 Nxd4 12. Bb2) 10... Nd7 11. Ne1 Bd6 {[%emt 0:04:10] Black is slightly better.} 12. Bg4 Nc5 13. Rb1 Ne6 {[%emt 0:07:33] Black is much more active.} 14. g3 {[%emt 0:03:11] White is weak on the dark squares} Qe7 15. Ra1 Rf8 16. Ng2 g6 (16... Bd7 $17) 17. Nf3 Rb8 18. Nfh4 Ng7 19. Bxc8 (19. Bh6 {keeps more tension.} Bxg4 20. Qxg4 f6 21. f4) 19... Rbxc8 20. Re1 Ne6 21. f4 (21. Rf1 $11 {keeps the balance.}) 21... exf4 $17 22. e5 Bxe5 ({Weaker is} 22... Nxe5 23. gxf4 Nc6 24. f5 $14) 23. Nf3 Bd6 24. Nxf4 Bxf4 25. Bxf4 Qf6 26. Qd2 Rfe8 27. b4 {[%emt 0:03:28] Inhibits Nc5.} (27. Rad1 $17 {was worth a try.}) 27... axb4 $19 28. axb4 Nxf4 29. gxf4 {[%emt 0:00:16] [#]} Re3 $1 30. b5 (30. Ne5 Nxe5) 30... Rxf3 31. bxc6 Rxf4 {[%emt 0:05:29] Weighted Error Value: White=0.34/Black=0.15 (very precise) .  Mistake:       	White=3     	Black=1      Inaccurate:     	White=2     	Black=4      OK:         	White=6     	Black=6      Best:        	---       	Black=2      Brilliant:      	---       	Black=1} 0-1

[Event "Czech Championship 2024"]
[Site "Ostrava"]
[Date "2024.05.02"]
[Round "6.5"]
[White "Nemec, Jachym"]
[Black "Stalmach, Richard"]
[Result "1-0"]
[ECO "E20"]
[WhiteElo "2416"]
[BlackElo "2446"]
[Annotator "TA"]
[PlyCount "85"]
[EventDate "2024.04.25"]
[EventType "tourn"]
[EventCountry "CZE"]
[SourceTitle "playchess.com"]
[Source "ChessBase"]
[SourceQuality "1"]
[TimeControl "40/5400+30:1800+30"]

1. d4 Nf6 2. c4 e6 3. Nf3 d5 4. g3 Bb4+ 5. Nc3 dxc4 6. Bg2 O-O 7. O-O Nc6 8. Qa4 Bd7 9. Bg5 a5 (9... Rb8 $5) 10. Bxf6 {[%emt 0:10:43] White is slightly better.} Qxf6 11. a3 Bd6 12. Qxc4 e5 13. d5 Nb8 14. Ne4 Qe7 15. Rac1 Na6 16. Rfd1 f5 17. Nxd6 cxd6 18. b4 Rfc8 19. Qb3 axb4 20. axb4 Qd8 (20... Nc7 $11 {keeps the balance.} 21. Re1 Qf6) 21. Nd2 {[%emt 0:02:27] White is more active.} ({White should try} 21. Nxe5 $1 $16 dxe5 22. d6+ Kh8 23. Bxb7 Rxc1 24. Rxc1) 21... Rxc1 22. Rxc1 Rc8 23. Rc3 Rxc3 24. Qxc3 Qb6 (24... Kf8 {simplifies} 25. Bh3 Qc7 26. Qxc7 Nxc7 27. Nc4 Nxd5 28. Nxd6 Nxb4 29. Nxb7 Ke7) 25. e4 $1 Nxb4 (25... Qxb4 {simplifies} 26. Qxb4 Nxb4 27. Nc4 fxe4 28. Nxd6 Nxd5 29. Nxb7 Nf6) 26. exf5 Bxf5 27. Be4 {[%emt 0:00:10] Dodges Nd3} Bh3 28. Nf3 (28. Qf3 $11 g6 29. g4 (29. Qf6 Qc7 $15)) 28... h6 $17 29. Nd2 Na6 30. g4 $2 Bxg4 $19 31. Qg3 {[%emt 0:00:05] [#]} h5 (31... Bd7 $1 $19 {Hoping for ...Qd4.} 32. Qh4 Kf8 (32... Nc5 33. Bg6 $19)) 32. Qh4 $17 {[%emt 0:01:17] [#] aiming for h3.} Nc5 (32... Qc7 $1 $17 {Threatens to win with ...Nc5.} 33. h3 Be2) 33. Bg6 $36 {[%emt 0:00:40][%mdl 2048] White fights for an advantage.} Qc7 {[%emt 0:05:39] Wards off Qe7} 34. f3 $1 Bc8 (34... Nb3 $11 35. Nxb3 Bxf3) 35. Qxh5 Qa5 36. Qh7+ Kf8 37. Qh8+ Ke7 38. Qe8+ (38. Qxg7+ Kd8 39. Qf8+ Kc7 40. Qe7+ Bd7 $11) 38... Kf6 39. Qf7+ (39. h4 $142 e4 40. f4 (40. Nxe4+ Nxe4 41. Bxe4 Qe1+ 42. Kg2 Qe2+ 43. Kg3 Qe1+ 44. Kg2 Qe2+ 45. Kg3 Qe1+ 46. Kg2 $11) (40. Qf7+ Ke5 $18) 40... Qc7 41. Bh5 (41. Nxe4+ Nxe4 42. Bxe4 Qc1+ 43. Kf2 Qxf4+ 44. Ke2 Qh2+ 45. Kd3 Qg3+ 46. Kd4 Qf2+ 47. Kc4 Qe3 $17) 41... Be6 42. Qg6+ (42. dxe6 Nxe6 43. Qg6+ Ke7 44. Qf7+ Kd8 45. Qe8#) 42... Ke7 43. Qxg7+ (43. dxe6 d5 $18) 43... Kd8 44. Qf8+ Kd7 45. Qe8#) 39... Kg5 $18 {[%emt 0:00:01] [#]} 40. Qxg7 $1 {[%emt 0:00:00] Intending Bb1+ and mate.} Qd8 (40... Qxd2 41. Be8+) 41. Kf2 {[%emt 0:11:09] White mates.} Kf4 42. Qf7+ Kg5 {[%emt 0:00:01] [#]} 43. h4+ $1 {[%emt 0:00:32][%mdl 512] Weighted Error Value: White=0.20 (precise) /Black=0.44.  Loses game:     	White=1     	Black=1      Mistake:       	White=2     	Black=3      Inaccurate:     	White=2     	Black=2      OK:         	White=9     	Black=6      Best:        	White=3     	Black=2      Strong:       	White=2     	---} 1-0

[Event "Czech Championship 2024"]
[Site "Ostrava"]
[Date "2024.05.03"]
[Round "7.1"]
[White "Stalmach, Richard"]
[Black "Hrbek, Stepan"]
[Result "1-0"]
[ECO "D27"]
[WhiteElo "2446"]
[BlackElo "2407"]
[Annotator "TA"]
[PlyCount "107"]
[EventDate "2024.04.25"]
[EventType "tourn"]
[EventCountry "CZE"]
[SourceTitle "playchess.com"]
[Source "ChessBase"]
[SourceQuality "1"]
[TimeControl "40/5400+30:1800+30"]

1. d4 d5 2. c4 dxc4 3. Nf3 Nf6 4. e3 e6 5. Bxc4 c5 6. O-O a6 7. dxc5 Qxd1 8. Rxd1 Bxc5 9. Nfd2 b6 10. Nc3 Be7 11. Be2 {[%emt 0:03:08] White is slightly better.} Bb7 12. Nc4 Nbd7 13. Nd6+ Bxd6 14. Rxd6 Rc8 {[%emt 0:20:12] Prevents b3.} 15. f3 Ke7 16. Rd1 b5 17. e4 {[%emt 0:01:20] White leaves nothing to chance now.} b4 (17... Rhd8 $142) 18. Na4 {[%emt 0:03:02][%cal Bc3a4,Ba4b2,Bb2d3,Bd3e5][%mdl 32] aiming for Bd2.} Bc6 19. b3 Bb5 20. Bxb5 axb5 21. Nb2 Nc5 22. Bd2 Na6 23. Nd3 Rhd8 24. Be1 (24. Bxb4+ $6 Nxb4 25. Nxb4 Rxd1+ 26. Rxd1 Nd7 $11) 24... Rd4 25. Ne5 Rxd1 26. Rxd1 h6 27. Nd3 {[%emt 0:00:28] White is more active.} Nd7 28. Nxb4 ({Much worse is} 28. Bxb4+ $6 Nxb4 29. Nxb4 Nc5 $11) 28... Ndb8 29. Kf2 Ke8 30. Ke3 Nxb4 31. Bxb4 $16 {[%emt 0:00:06][%mdl 4096] Endgame. KRB-KRN} Na6 32. Bd6 Rc2 {[%emt 0:01:55] [#]} 33. Rd2 $1 Rc3+ 34. Ke2 {[%emt 0:01:47] Be5 would now be deadly.} Rc1 35. g4 Rc6 (35... g5 $16 36. a4 b4) 36. h4 $18 Rc8 37. h5 Nb8 (37... Rc6 $142 38. Kf2 b4) 38. Be5 f6 39. Bxb8 Rxb8 {[%emt 0:00:05] KR-KR} 40. Rd6 Ke7 41. Ra6 Rc8 42. Kd3 b4 43. Ra4 Rc3+ 44. Kd4 Rc2 45. Rxb4 Rxa2 46. Rb7+ Kf8 (46... Kd6 $142 47. Rxg7 Rf2) 47. b4 e5+ 48. Kd5 Rf2 49. b5 Rxf3 50. Ra7 (50. b6 $142 Rb3 51. Kc5 Rc3+ 52. Kb4 (52. Kd6 Rb3 $18) 52... Re3 53. Rc7 (53. Kc5 Rxe4 54. Ra7 Re1 $18) 53... Re2 54. Kc5 (54. b7 Rb2+ 55. Kc5 f5 56. gxf5 Kg8 57. Rc8+ Kf7 58. b8=Q Rxb8 59. Rxb8 Ke7) 54... Rb2 55. b7) 50... Rb3 51. Kc5 {[%emt 0:00:00] [#] White wants to mate with b6.} Rc3+ 52. Kb4 {[%emt 0:00:00] White mates.} Rc1 53. b6 Rb1+ 54. Kc5 {[%emt 0:00:00] Weighted Error Value: White=0.04 (flawless) /Black=0.47.  Mistake:       	---       	Black=4      Inaccurate:     	---       	Black=2      OK:         	White=22    	Black=14     Best:        	White=2     	Black=1} 1-0